 Dungeon Crawl Stone Soup version 0.28-a0-1347-g113dc556a4 (webtiles) character file.

Game seed: 1977529425416681981

19863 willcat the Covert (level 13, -2/68 (73) HPs)
             Began as a Kobold Brigand on Dec 30, 2021.
             Was an Initiate of Gozag.
             Slain by a sixfirhy (11 damage)
             ... summoned by an orc sorcerer
             ... while paralysed by an orc sorcerer
             ... on level 1 of the Orcish Mines.
             The game lasted 00:27:01 (15388 turns).

willcat the Covert (Kobold Brigand)                Turns: 15388, Time: 00:27:02

HP:   -2/68 (73)    AC: 14    Str: 10    XL:     13   Next: 7%
MP:   23/24         EV:  3    Int: 16    God:    Gozag
Gold: 1880          SH:  0    Dex: 16    Spells: 20/27 levels left

rFire   . . .      SeeInvis .   T - +5 short sword (freeze)
rCold   . . .      Faith    .   (no shield)
rNeg    . . .      Spirit   .   r - +4 troll leather armour
rPois   +          Reflect  .   F - +2 hat {Stlth+}
rElec   .          Harm     .   c - +0 cloak
rCorr   .          Rampage  .   a - +0 pair of gloves
Will    +....                   b - +1 pair of boots
Stlth   +++++++...              u - amulet of regeneration
HPRegen 1.81/turn               v - ring of poison resistance
MPRegen 0.19/turn               s - ring of willpower

@: paralysed, drained
A: small, no large weapons, nightstalker 3
a: Renounce Religion, Potion Petition, Call Merchant, Bribe Branch


You were on level 1 of the Orcish Mines.
You worshipped Gozag.
Gozag was most pleased with you.
You visited 4 branches of the dungeon, and saw 15 of its levels.
You also visited: Ossuary.

You collected 2608 gold pieces.
You spent 585 gold pieces at shops.
You paid 143 gold pieces to Gozag.

Inventory:

Hand Weapons
 C - a +3 long sword
 J - a +3 short sword of protection
 T - a +5 short sword of freezing (weapon)
Missiles
 d - 33 poisoned darts
 e - 3 curare-tipped darts
 y - 3 throwing nets (quivered)
Armour
 a - a +0 pair of gloves (worn)
 b - a +1 pair of boots (worn)
 c - a +0 cloak (worn)
 r - a +4 troll leather armour (worn)
 F - a +2 hat of stealth (worn)
Jewellery
 i - a ring of resist corrosion
 s - a ring of willpower (right hand)
 u - an amulet of regeneration (around neck)
 v - a ring of poison resistance (left hand)
 O - a ring of ice
 U - the ring of Freedom {rPois rN+ Int+2 Stlth-}
   (You found it on level 10 of the Dungeon)

   [ring of positive energy]

   Int:       It affects your intelligence (+2).
   rPois:     It protects you from poison.
   rN:        It protects you from negative energy.
   Stlth:     It makes you less stealthy.
Wands
 o - a wand of charming (6)
 x - a wand of flame (45)
 K - a wand of iceblast (17)
 L - a wand of paralysis (10)
Scrolls
 f - 2 scrolls of fog
 g - a scroll of blinking
 h - a scroll of amnesia
 k - 3 scrolls of torment
 l - 3 scrolls of vulnerability
 q - 9 scrolls of teleportation
 w - 3 scrolls of magic mapping
 B - 2 scrolls of fear
 S - a scroll of summoning
Potions
 j - a potion of ambrosia {unknown}
 m - 2 potions of curing
 n - 5 potions of might
 p - 2 potions of brilliance
 t - 3 potions of mutation
 z - 3 potions of haste {unknown}
 D - 4 potions of flight {unknown}
 E - 4 potions of degeneration {unknown}
 G - a potion of magic {unknown}
 H - 2 potions of heal wounds
 M - a potion of berserk rage {unknown}
 P - 2 potions of attraction
 Q - 2 potions of cancellation
 R - a potion of lignification


   Skills:
 + Level 5.4 Fighting
 - Level 9.2 Short Blades
 - Level 2.1 Throwing
 - Level 3.1 Armour
 + Level 10.8 Dodging
 + Level 13.7 Stealth
 + Level 7.6 Spellcasting
 + Level 7.6 Hexes
 + Level 5.9 Transmutations
 + Level 5.9 Earth Magic


You had 20 spell levels left.
You knew the following spells:

 Your Spells              Type           Power      Damage    Failure   Level
a - Confusing Touch       Hex            30%        N/A       1%          3
b - Petrify               Tmut/Erth      25%        N/A       13%         4

Your spell library contained the following spells:

 Spells                   Type           Power      Damage    Failure   Level
 Slow                     Hex            100%       N/A       1%          1
 Passwall                 Tmut/Erth      20%        N/A       1%          2
 Tukima's Dance           Hex            30%        N/A       1%          3
 Scorch                   Fire           12%        2d5       24%         2
 Sublimation of Blood     Necr           6%         N/A       24%         2
 Yara's Violent Unravell  Hex/Tmut       13%        3d7       26%         5
 Swiftness                Air            6%         N/A       43%         3
 Vampiric Draining        Necr           6%         2d6       43%         3
 Irradiate                Conj/Tmut      7%         3d16      77%         5
 Flame Wave               Conj/Fire      6%         2d4       83%         4
 Passage of Golubria      Tloc           6%         N/A       83%         4
 Summon Cactus Giant      Summ           3%         N/A       100%        6


Dungeon Overview and Level Annotations

Branches:
Dungeon (10/15)            Temple (1/1) D:6            Lair (3/6) D:8
  Swamp (0/4) Lair:2       Spider (0/4) Lair:2          Orc (1/2) D:10
Ossuary (visited)

Altars:
Ashenzari
Cheibriados
Dithmenos
Elyvilon
Fedhas
Gozag
Hepliaklqana
Kikubaaqudgha
Makhleb
Nemelex Xobeh
Okawaru
Qazlal
Ru
Sif Muna
Trog
Uskayaw
Vehumet
Wu Jian
Xom
Yredelemnul
Zin
The Shining One
Beogh

Shops:
D:3 ?   D:5 (   D:9 [

Annotations:
D:8 Gastronok


Innate Abilities, Weirdness & Mutations

You are small and have problems with some larger weapons.
You are completely attuned to the shadows.


Message History

You closely miss the orc sorcerer.
The orc sorcerer is heavily wounded.
The orc sorcerer gestures at you while chanting.
The bolt of negative energy hits you!!
You feel drained.
You hit the orc sorcerer. You freeze the orc sorcerer.
The orc sorcerer is severely wounded.
You completely miss the orc sorcerer.
The orc sorcerer is severely wounded.
The orc sorcerer closely misses you.
You closely miss the orc sorcerer.
The orc sorcerer is severely wounded.
The orc sorcerer hits you but does no damage.
You hit the orc sorcerer. You freeze the orc sorcerer.
The orc sorcerer is severely wounded.
You hit the orc sorcerer but do no damage.
The orc sorcerer is severely wounded.
The orc sorcerer hits you with a +0 dagger.
You hit the orc sorcerer. You freeze the orc sorcerer.
The orc sorcerer is severely wounded.
The orc sorcerer hits you with a +0 dagger.
You miss the orc sorcerer.
The orc sorcerer is severely wounded.
You barely miss the orc sorcerer.
The orc sorcerer is severely wounded.
The orc sorcerer points at you and mumbles some strange words.
You suddenly lose the ability to move!
The orc sorcerer gestures at you while chanting.
The bolt of negative energy hits you!
You feel drained.
The orc sorcerer hits you but does no damage.
The orc sorcerer hits you with a +0 dagger.
The orc sorcerer mumbles some strange words.
The sixfirhy hits you. The sixfirhy shocks you! The sixfirhy hits you!
The sixfirhy shocks you!
* * * LOW HITPOINT WARNING * * *
The sixfirhy hits you but does no damage.
The orc sorcerer completely misses you. The sixfirhy hits you!
* * * LOW HITPOINT WARNING * * *
The sixfirhy shocks you!
You die...
Your body crumbles into a pile of gold.

##.)))........#
....).........#
...........#..#
..............#
.#...........## _..
..#........### ..#
..........#.#####.##
.......>...#...3.##
$...............@o..#
#...............#..##
.............#.#...#
...._........#.......
..................##.
.).........
)..).......
).<........
......#...


You could see a sixfirhy (summoned) and an orc sorcerer.

Vanquished Creatures
  Fannar (Lair:2)
  Harold (Lair:1)
  A death yak (Lair:3)
  The ghost of timneilson the Abyss-Baptised, a novice DsAK of Lugonu (D:9)
  A bog body (Lair:2)
  3 elephants (Lair:3)
  A black mamba (Lair:2)
  4 cane toads (Lair:1)
  A torpor snail (Lair:3)
  Maggie (Lair:2)
  2 komodo dragons
  3 polar bears (D:10)
  A troll (Orc:1)
  Grinder (D:3)
  5 blink frogs (Lair:1)
  2 dream sheep (D:10)
  3 jumping spiders (Lair:2)
  3 shadows (D:10)
  Sigmund (D:3)
  A wraith (Ossuary)
  A basilisk (D:8)
  21 yaks
  A redback (Lair:2)
  Grum (D:8)
  A hog (D:10)
  A steam dragon (D:6)
  An acid dragon (D:9)
  6 water moccasins
  5 black bears
  An ice beast (D:8)
  2 sky beasts
  7 orc warriors
  A necrophage (D:6)
  3 ogres
  5 wolves
  A phantom (D:10)
  2 kobold brigands
  2 bullfrogs
  2 scorpions
  A troll zombie (D:10)
  14 killer bees
  13 wights
  A centaur zombie (D:9)
  A bullfrog zombie (D:5)
  3 hounds
  15 orc priests
  2 jellies
  A centaur skeleton (D:6)
  2 bullfrog skeletons
  A gnoll shaman (D:5)
  Terence (D:3)
  5 iguanas
  Ijyb (D:5)
  10 orc wizards
  2 killer bee zombies
  5 ogre zombies (D:10)
  4 mummies
  A howler monkey zombie (D:7)
  5 gnolls
  5 adders
  3 shadow imps
  2 white imps (D:6)
  3 worms
  2 dart slugs
  53 orcs
  5 ball pythons
  7 endoplasms
  3 giant cockroaches
  5 hobgoblins
  16 jackals
  5 quokkas
  7 bats
  5 frilled lizards
  6 goblins
  A goblin skeleton (D:10)
  6 goblin zombies
  3 hobgoblin zombies
  16 kobolds
  2 kobold zombies (Ossuary)
  2 orc skeletons (D:10)
  10 orc zombies (D:10)
  2 rats
358 creatures vanquished.

Vanquished Creatures (others)
  2 fungi
  A plant (Lair:1)
3 creatures vanquished.

Grand Total: 361 creatures vanquished

Notes
Turn   | Place    | Note
-------+----------+-------------------------------------------
     0 | D:1      | willcat the Kobold Brigand began the quest for the Orb.
     0 | D:1      | Reached XP level 1. HP: 12/12 MP: 1/1
   193 | D:1      | Reached XP level 2. HP: 17/17 MP: 2/2
   725 | D:1      | Reached XP level 3. HP: 21/21 MP: 3/3
  1145 | D:1      | Reached skill level 6 in Stealth
  1436 | D:2      | Reached XP level 4. HP: 26/26 MP: 4/4
  1702 | D:2      | Found a faded altar of an unknown god.
  1909 | D:3      | Noticed Terence
  1913 | D:3      | Killed Terence
  1929 | D:3      | Noticed Grinder
  1933 | D:3      | Killed Grinder
  1934 | D:3      | Reached skill level 5 in Short Blades
  1934 | D:3      | Reached skill level 1 in Armour
  1934 | D:3      | Reached skill level 7 in Stealth
  1934 | D:3      | Reached XP level 5. HP: 26/30 MP: 5/5
  1934 | D:3      | Reached XP level 6. HP: 30/35 MP: 6/6
  2410 | D:3      | Found a hide-covered altar of Uskayaw.
  2434 | D:3      | Noticed a +0 hand axe
  2435 | D:3      | Noticed a +0 hand axe
  2440 | D:3      | Reached XP level 7. HP: 40/40 MP: 7/7
  2466 | D:3      | Found Kaasy's Magic Scroll Shop.
  2477 | D:3      | Bought 2 scrolls of teleportation for 78 gold pieces
  2477 | D:3      | Bought a scroll of identify for 26 gold pieces
  2477 | D:3      | Bought a scroll of identify for 26 gold pieces
  2677 | D:3      | Noticed Sigmund
  2679 | D:3      | Killed Sigmund
  2824 | D:3      | Found a glowing golden altar of the Shining One.
  2827 | D:3      | Noticed an angel
  2838 | D:3      | Found a basalt altar of Yredelemnul.
  2841 | D:3      | Noticed a profane servitor
  3069 | D:4      | Reached skill level 5 in Dodging
  3069 | D:4      | Reached skill level 8 in Stealth
  3397 | D:4      | Reached XP level 8. HP: 35/44 MP: 8/8
  3561 | D:4      | Found the +7 staff of the Meek {protect, meekguard}
  3621 | D:5      | Entered Level 5 of the Dungeon
  3764 | D:5      | Learned a level 3 spell: Confusing Touch
  4051 | D:5      | Reached skill level 1 in Spellcasting
  4051 | D:5      | Reached skill level 1 in Hexes
  4177 | D:5      | Noticed Ijyb
  4265 | D:4      | Reached skill level 9 in Stealth
  4372 | D:5      | Killed Ijyb
  4850 | D:5      | Found Lakoellao's Weapon Shoppe.
  4870 | D:5      | Reached XP level 9. HP: 41/48 MP: 11/11
  5609 | D:6      | Found a staircase to the Ecumenical Temple.
  5623 | Temple   | Entered the Ecumenical Temple
  6350 | D:6      | Reached skill level 10 in Stealth
  6732 | D:7      | Found an opulent altar of Gozag.
  6739 | D:7      | Became a worshipper of Gozag Ym Sagoz the Greedy
  6786 | D:7      | Found a sand-covered staircase.
  6801 | Ossuary  | Entered an ossuary
  7574 | D:7      | Reached XP level 10. HP: 53/53 MP: 15/15
  7850 | D:8      | Noticed Gastronok
  8399 | D:8      | Noticed Grum
  8437 | D:7      | Reached skill level 11 in Stealth
  8458 | D:7      | Learned a level 4 spell: Petrify
  8480 | D:8      | Killed Grum
  8841 | D:8      | Reached skill level 1 in Earth Magic
  8847 | D:8      | Reached skill level 1 in Transmutations
  8946 | D:8      | Found a staircase to the Lair.
  9110 | Lair:1   | Entered Level 1 of the Lair of Beasts
  9156 | Lair:1   | Noticed a cane toad
  9165 | Lair:1   | Killed a cane toad
  9166 | Lair:1   | Reached skill level 5 in Hexes
  9244 | Lair:1   | Reached skill level 5 in Spellcasting
  9444 | Lair:1   | Noticed a cane toad
  9448 | Lair:1   | Killed a cane toad
  9449 | Lair:1   | Reached XP level 11. HP: 57/57 MP: 17/19
  9583 | Lair:1   | Reached skill level 12 in Stealth
 10319 | Lair:2   | Noticed Harold
 10432 | Lair:1   | Killed Harold
 10508 | Lair:2   | Found a staircase to the Swamp.
 10509 | Lair:2   | Noticed a bog body
 10796 | Lair:2   | Noticed Maggie
 10801 | Lair:2   | Killed Maggie
 10889 | Lair:2   | Killed a bog body
 10994 | Lair:2   | Noticed Fannar
 11001 | Lair:2   | Killed Fannar
 11208 | Lair:2   | Found a hole to the Spider Nest.
 11208 | Lair:2   | Noticed a wolf spider
 11528 | Lair:2   | Reached XP level 12. HP: 48/64 MP: 15/21
 11828 | Lair:3   | Noticed a death yak
 11830 | Lair:3   | Noticed a death yak
 11927 | Lair:3   | Killed a death yak
 11945 | Lair:3   | Reached skill level 10 in Dodging
 11996 | Lair:3   | Reached skill level 13 in Stealth
 12157 | D:9      | Found Vuir's Armour Emporium.
 12169 | D:9      | Reached skill level 5 in Transmutations
 12180 | D:9      | Reached skill level 5 in Earth Magic
 12238 | D:9      | Bought a +1 pair of boots for 161 gold pieces
 12238 | D:9      | Bought a +2 hat of stealth for 294 gold pieces
 12934 | D:9      | Noticed timneilson's ghost (novice DsAK)
 13011 | D:9      | Found a runed translucent door.
 13367 | D:9      | Killed timneilson's ghost
 13423 | D:10     | Entered Level 10 of the Dungeon
 13538 | D:10     | Found a huge runed translucent gate.
 13637 | D:10     | Found an ancient bone altar of Kikubaaqudgha.
 13786 | D:10     | Identified the ring of Freedom {rPois rN+ Int+2 Stlth-}
 14005 | D:10     | Found a shimmering altar of Xom.
 14009 | D:10     | Found an iron altar of Okawaru.
 14095 | D:10     | Found a staircase to the Orcish Mines.
 14425 | D:10     | Found a huge runed translucent gate.
 14426 | D:10     | Found a huge runed translucent gate.
 14427 | D:10     | Found a huge runed translucent gate.
 14746 | D:10     | Found a bloodstained altar of Trog.
 14748 | D:10     | Found a shadowy altar of Dithmenos.
 14749 | D:10     | Found a white marble altar of Elyvilon.
 14749 | D:10     | Found a hazy altar of Hepliaklqana.
 14749 | D:10     | Found a glowing silver altar of Zin.
 14750 | D:10     | Found a stormy altar of Qazlal.
 14841 | D:10     | Reached skill level 5 in Fighting
 15106 | D:10     | Reached XP level 13. HP: 47/72 MP: 20/24
 15127 | Orc:1    | Entered Level 1 of the Orcish Mines
 15127 | Orc:1    | Found a radiant altar of Vehumet.
 15364 | Orc:1    | Found a shimmering blue altar of Sif Muna.
 15383 | Orc:1    | Paralysed by an orc sorcerer for 6 turns
 15388 | Orc:1    | Slain by a sixfirhy

Illustrated notes

Levels and vault maps discovered:
D:1:      mainiacjoe_arrival_reflecting_pool, layout_basic
D:2:      layout_rooms, dreamdust_ecumenical_altar_angels_and_demons,
          lightli_corner_chamber
D:3:      layout_loops_ring, grunt_temple_overflow_holy_war,
          dancing_weapons_uskayaw, serial_shops,
          nicolae_shop_temple_entry_statues_fountains, grunt_ministairs_7,
          minmay_pentomino_pile, uniq_terence, uniq_sigmund, uniq_grinder
D:4:      layout_cave_pods, pf_guarded_unrand_meek
D:5:      layout_layer_cave, serial_shops, nicolae_shop_statue_plus, uniq_ijyb
D:6:      minmay_angry_zag, layout_loops_ring, minmay_temple_entry_proselytizer,
          chequers_serial_rivers_micro_d
D:7:      layout_cave_pools, lemuel_crystal_altar, gup_ossuary_entry_pyramid,
          hex_tiny
D:8:      nicolae_cairo_tiling_large_dashed, layout_loops_cross, uniq_grum,
          uniq_gastronok
D:9:      layout_basic, special_room [special_room_orc],
          hellmonk_ghost_happy_afterlife, serial_shops, shop_fountains,
          serial_park_tiny_1, chequers_serial_rivers_small_3
D:10:     lemuel_bear_cage, layout_irregular_city, minitemple,
          kiku_gazebo_garden_becter, zombieorc1_lemuel, david_defended_altar_orc
Temple:   compressed_dpeg_triangle_lava_temple
Lair:1:   layout_concentric_octagons
Lair:2:   layout_regular_city, skrybe_swamp_entry_bodies,
          spider_nest_entry_funnel_web, grunt_megastairs_5, uniq_maggie,
          uniq_fannar, uniq_harold
Lair:3:   layout_hall_layers, special_room [special_room_bee],
          eino_house_with_fridge
Orc:1:    layout_caves, basic_altar, led_sif_book

Skill      XL: |  1  2  3  4  5  6  7  8  9 10 11 12 |
---------------+-------------------------------------+-----
Short Blades   | 3 5 6 7 8 9 |  9.2
Dodging        | 2 4 5 6 7 8 9 10 | 10.8
Stealth        | 6 7 8 9 10 11 12 13 | 13.7
Armour         | 1 2 3 |  3.1
Spellcasting   | 1 3 5 6 7 |  7.6
Hexes          | 1 3 5 6 7 |  7.6
Earth Magic    | 2 4 5 |  5.9
Transmutations | 2 4 5 |  5.9
Fighting       | 3 5 |  5.4
Throwing       | |  2.1

Action                   |  1- 3 |  4- 6 |  7- 9 | 10-12 | 13-15 || total
-------------------------+-------+-------+-------+-------+-------++-------
Melee: Dagger            |   114 |    93 |   582 |       |       ||   789
       Short sword       |       |       |     1 |  1004 |   103 ||  1108
Throw: Dart              |       |       |    15 |       |       ||    15
       Throwing net      |       |       |     1 |    11 |       ||    12
 Cast: Confusing Touch   |       |       |       |    67 |       ||    67
       Petrify           |       |       |       |       |     2 ||     2
Evoke: Wand              |       |       |     2 |     1 |       ||     3
  Use: Scroll            |       |       |     9 |    15 |     3 ||    27
 Stab: Sleeping          |    11 |    20 |    34 |    39 |     2 ||   106
       Distracted        |     1 |       |     4 |     9 |       ||    14
       Held in net/web   |       |       |     1 |     5 |       ||     6
       Confused          |       |       |       |    60 |       ||    60
       Petrified         |       |       |       |       |     1 ||     1
Armor: Robe              |    26 |       |       |       |       ||    26
       Troll leather arm |       |    12 |    88 |   239 |    21 ||   360
Dodge: Dodged            |    95 |    42 |   292 |   754 |    71 ||  1254

Table legend: (Time is in decaauts)
 A = Elapsed time spent in this place.
 B = Non-inter-level travel time spent in this place.
 C = Inter-level travel time spent in this place.
 D = Time resting spent in this place.
 E = Time spent auto-exploring this place.
 F = Levels seen in this place.
 G = Mean time per level.
                   A        B        C        D        E       F      G
               +--------+--------+--------+--------+--------+-----+--------+
         Total |  14764 |  14235 |    529 |    372 |   9918 |  16 |  922.8 |
       Dungeon |  10850 |  10478 |    372 |    304 |   7356 |  10 | 1085.0 |
        Temple |    335 |    324 |     11 |      0 |    278 |   1 |  335.0 |
          Lair |   2915 |   2770 |    145 |     68 |   1971 |   3 |  971.7 |
  Orcish Mines |    223 |    223 |      0 |      0 |     65 |   1 |  223.0 |
       Ossuary |    439 |    439 |      0 |      0 |    248 |   1 |  439.0 |
               +--------+--------+--------+--------+--------+-----+--------+

Top non-repeatable levels by time:
    D:10: 1586 daAuts
     D:5: 1497 daAuts
  Lair:1: 1320 daAuts
     D:1: 1247 daAuts
  Lair:2: 1241 daAuts
     D:9: 1231 daAuts
     D:8: 1172 daAuts
     D:6: 1084 daAuts
     D:3: 951 daAuts
     D:4: 749 daAuts
     D:7: 697 daAuts
     D:2: 632 daAuts
 Ossuary: 439 daAuts
  Lair:3: 354 daAuts
  Temple: 335 daAuts
